 Dungeon Crawl Stone Soup version 0.23.0-3-gf3c87f2df8 (webtiles) character file.

Game seed: 9323193077867666093

28792 peem the Spear-Bearer (level 13, 0/70 HPs)
             Began as a Vine Stalker Fighter on Feb 22, 2019.
             Was a Believer of the Shining One.
             Slain by Snorg (9 damage)
             ... on level 4 of the Lair of Beasts.
             The game lasted 01:21:26 (10259 turns).

peem the Spear-Bearer (Vine Stalker Fighter)       Turns: 10259, Time: 01:21:27

Health: 0/70       AC: 12    Str: 28    XL:     13   Next: 41%
Magic:  0/16       EV: 14    Int:  7    God:    the Shining One [**....]
Gold:   760        SH:  0    Dex: 15    Spells: 12/12 levels left

rFire    + . .     SeeInvis .   G - +8 bardiche of Parts Unknown {freeze, Int+2}
rCold    + . .     Gourm    .   (shield currently unavailable)
rNeg     + + .     Faith    .   w - +4 ring mail of Starshine {rN+ Str+5 Int-3}
rPois    .         Spirit   +   d - +2 hat
rElec    .         Reflect  .   y - scarf {rC+ rF+}
rCorr    +         Harm     .   (no gloves)
MR       +....                  (no boots)
Stlth    +.........             (no amulet)
HPRegen  1.01/turn              q - +1 ring of slaying
MPRegen  0.15/turn              B - ring of resist corrosion

@: glowing
A: fangs 3, regeneration 2, magic shield, antimagic bite, no potion heal 3, rot
immunity
a: Divine Shield, Renounce Religion


You were on level 4 of the Lair of Beasts.
You worshipped the Shining One.
The Shining One was pleased with you.
You were not hungry.

You visited 3 branches of the dungeon, and saw 14 of its levels.
You also visited: Bailey.

You collected 760 gold pieces.

Inventory:

Hand Weapons
 a - a +1 trident
 F - a +4 mace of venom
 G - the +8 bardiche of Parts Unknown (weapon) {freeze, Int+2}
   (You acquired it in a bailey)

   It has been specially enchanted to freeze those struck by it, causing extra
   injury to most foes and up to half again as much damage against particularly
   susceptible opponents.
   It can also slow down cold-blooded creatures.
   It affects your intelligence (+2).
 J - a +1 spear of pain
Armour
 b - a +0 scale mail
 c - a +0 shield
 d - a +2 hat (worn)
 i - a +0 troll leather armour
 j - a +1 plate armour
 w - the +4 ring mail of Starshine (worn) {rN+ Str+5 Int-3}
   (You found it on level 6 of the Dungeon)

   It affects your strength (+5).
   It affects your intelligence (-3).
   It protects you from negative energy.
 y - a scarf of resistance (worn)
 K - a scarf of cloud immunity
 N - a +0 large shield
 T - the +7 Kryia's mail coat {PotionHeal*2 rC+}
   (You found it on level 2 of the Lair of Beasts)

   It protects you from cold.
Jewellery
 q - a +1 ring of slaying (left hand)
 r - the ring of Ylutuej {*Tele rElec Dex+8 Stlth-}
   (You took it off a death knight on level 9 of the Dungeon)

   [ring of teleportation]

   It may teleport you next to monsters.
   It affects your dexterity (+8).
   It insulates you from electricity.
   It makes you less stealthy.
 s - an uncursed amulet of guardian spirit
 v - a -3 ring of intelligence
 B - a ring of resist corrosion (right hand)
 V - an uncursed amulet of harm {unknown}
Wands
 h - a wand of random effects (48)
 x - a wand of flame (22)
 D - a wand of iceblast (5)
 L - a wand of polymorph (14)
 S - a wand of enslavement (9)
 W - a wand of paralysis (10)
Scrolls
 k - 9 scrolls of remove curse
 l - 11 scrolls of identify
 n - 3 scrolls of magic mapping
 t - 5 scrolls of amnesia
 u - 5 scrolls of teleportation
 E - 4 scrolls of enchant armour
 I - 3 scrolls of fog {unknown}
 R - a scroll of enchant weapon
 U - a scroll of fear
Potions
 e - 2 potions of lignification
 g - 19 potions of degeneration
 m - 8 potions of curing
 o - 2 potions of flight
 p - 3 potions of might
 z - a potion of magic
 A - 2 potions of haste
 C - a potion of brilliance
 M - 3 potions of heal wounds {unknown}
 O - a potion of agility
 Q - a potion of resistance {unknown}
Miscellaneous
 H - a phial of floods (inert)
Comestibles
 f - 19 rations
 P - 3 chunks of flesh


   Skills:
 + Level 8.8 Fighting
 + Level 13.4 Polearms
 + Level 7.8 Armour
 + Level 5.0 Dodging
 - Level 1.0 Stealth
 - Level 7.8 Shields
 + Level 3.4 Evocations


You had 12 spell levels left.
You didn't know any spells.
Your spell library contained the following spells:

 Spells                   Type           Power        Failure   Level  Hunger
 Confusing Touch          Hex            #.....       54%         1    ##.....
 Magic Dart               Conj           #...         54%         1    ##.....
 Blink                    Tloc           N/A          67%         2    ###....
 Call Imp                 Summ           #.......     67%         2    ###....
 Slow                     Hex            #.......     67%         2    ###....
 Confuse                  Hex            #.......     88%         3    ####...
 Conjure Flame            Conj/Fire      #.......     88%         3    ####...
 Gell's Gravitas          Tloc           #.........   88%         3    ####...
 Mephitic Cloud           Conj/Pois/Air  #.......     88%         3    ####...
 Ice Form                 Ice/Tmut       #.......     99%         4    #####..
 Petrify                  Tmut/Erth      #.......     99%         4    #####..
 Metabolic Englaciation   Hex/Ice        #.........   100%        5    ######.
 Yara's Violent Unravell  Hex/Tmut       #.........   100%        5    ######.
 Bolt of Cold             Conj/Ice       #.........   100%        6    #######
 Freezing Cloud           Conj/Ice/Air   #.........   100%        6    #######
 Ozocubu's Refrigeration  Ice            #.........   100%        6    #######
 Simulacrum               Ice/Necr       #.........   100%        6    #######


Dungeon Overview and Level Annotations

Branches:
Dungeon (9/15)             Temple (1/1) D:5            Lair (4/6) D:9
  Swamp (0/4) Lair:4        Snake (0/4) Lair:4
    Orc: D:9-12

Altars:
Ashenzari
Cheibriados
Dithmenos
Elyvilon
Fedhas
Gozag
Hepliaklqana
Kikubaaqudgha
Makhleb
Nemelex Xobeh
Okawaru
Qazlal
Ru
Sif Muna
Trog
Uskayaw
Vehumet
Wu Jian
Xom
Yredelemnul
Zin
The Shining One
Lugonu

Shops:
D:4 [   D:5 *

Annotations:
D:6 2 runed translucent doors, TheNamelessOne's ghost, novice OpHu
D:8 3 runed translucent doors, guttsta's ghost, novice HuNe
Lair:4 Snorg


Innate Abilities, Weirdness & Mutations

You have razor-sharp teeth.
You heal very quickly.
When hurt, damage is shared between your health and your magic reserves.
Your bite disrupts and absorbs the magic of your enemies.
Potions cannot restore your health.
You are immune to rotting.


Message History

Snorg bites you! Snorg claws you. Snorg claws you!
You slash Snorg! You freeze Snorg. Your bite misses Snorg.
Snorg is lightly wounded.
Snorg misses you. x2; Snorg claws you!! Snorg bites you!!
* * * LOW HITPOINT WARNING * * *
Snorg barely misses you. x2
Aim the phial where?
Press: ? - help, Shift-Dir - straight line, f/p - Snorg
Aim: Snorg (lightly wounded, berserk, fast, unusually strong, haloed)
The torrent of water misses Snorg.
The wave splashes down.
The water rises up and takes form.
Snorg bites you.
* * * LOW HITPOINT WARNING * * *
Snorg claws you!
* * * LOW HITPOINT WARNING * * *
Snorg barely misses you.
As you read the scroll of fear, it crumbles to dust.
You assume a fearsome visage.
Your water elemental is unaffected.
Snorg closely misses you. Snorg claws you!
You die...

..............## #P##...##
...........................
..........................<
................ ..........
..............# .#.P......
.........≈≈≈..# ###.....#
........E≈≈≈.# ### #.....#
#.###..#.≈T≈.# #..# #.....#
#..###≈@≈.##...##.......
##. ##.≈..#PP..##.......
..##.>........##P....§♣
.....≈.≈...#..# #....§≈
.PP...♣≈≈P.## #####.....≈
P..####≈≈≈..######.#..§...
#♣♣≈.................
......:...............
#.###.....#..P###.#...


You could see Snorg (berserk) and a friendly water elemental.

Vanquished Creatures
  An orc warlord (Bailey)
  A hydra (Lair:3)
  2 two-headed ogres
  A death knight (D:9)
  Erica (D:8)
  An orc knight (Bailey)
  4 elephants
  Psyche (D:8)
  5 spiny frogs
  3 rime drakes
  A komodo dragon (Lair:2)
  A polar bear (Lair:4)
  Grinder (D:4)
  7 blink frogs
  Prince Ribbit (D:5)
  A bog body (Lair:4)
  4 hippogriffs
  Sigmund (D:5)
  3 yaks (Lair:3)
  2 wyverns
  Eustachio (D:6)
  A human (D:6)
  Grum (D:8)
  Menkaure (D:6)
  Edmund (Temple)
  4 nagas (Lair:4)
  8 water moccasins
  6 porcupines
  Duvessa (D:5)
  3 orc warriors
  A sky beast (D:6)
  2 black bears (D:9)
  3 phantoms
  11 wolves
  5 ogres
  A centaur (D:6)
  5 crocodiles
  Blork the orc (D:6)
  9 bullfrogs
  A gnoll sergeant (D:9)
  6 scorpions
  Dowan (D:5)
  4 wights (D:9)
  4 howler monkeys
  4 crimson imps
  6 hounds
  4 orc priests
  7 jellies
  4 bullfrog skeletons
  2 iguanas
  9 orc wizards
  A human skeleton (D:6)
  12 worker ants
  2 hound zombies
  Robin (D:4)
  21 gnolls
  10 adders
  2 howler monkey skeletons
  3 shadow imps
  An ooze (D:3)
  3 adder skeletons
  3 worms
  A dart slug (D:1)
  9 leopard geckos
  35 orcs
  4 bats
  9 giant cockroaches
  23 goblins
  16 hobgoblins
  10 jackals
  5 quokkas
  2 ball pythons
  6 frilled lizards
  16 kobolds
  A leopard gecko skeleton (D:5)
  3 quokka skeletons
  7 rats
365 creatures vanquished.

Vanquished Creatures (collateral kills)
  A troll (D:9)
  An orc priest (D:9)
2 creatures vanquished.

Vanquished Creatures (others)
  6 fungi
  2 plants (D:8)
8 creatures vanquished.

Grand Total: 375 creatures vanquished

Notes
Turn   | Place    | Note
-------+----------+-------------------------------------------
     0 | D:1      | peem the Vine Stalker Fighter began the quest for the Orb.
     0 | D:1      | Reached XP level 1. HP: 11/11 MP: 2/2
    49 | D:1      | Reached XP level 2. HP: 9/16 MP: 3/3
   125 | D:1      | Reached skill level 2 in Polearms
   286 | D:1      | Reached XP level 3. HP: 20/20 MP: 4/4
   986 | D:2      | Gained mutation: Your natural rate of healing is unusually
                  | fast. [Vine Stalker growth]
   986 | D:2      | Reached XP level 4. HP: 13/24 MP: 5/5
   994 | D:2      | Found a sacrificial altar of Ru.
  1316 | D:2      | Reached XP level 5. HP: 20/28 MP: 6/6
  1410 | D:2      | Reached skill level 3 in Polearms
  1795 | D:3      | Found a stormy altar of Qazlal.
  1877 | D:3      | You fall through a shaft!
  1943 | D:4      | Reached XP level 6. HP: 26/33 MP: 5/7
  1978 | D:4      | Noticed Robin
  2012 | D:4      | Noticed Grinder
  2029 | D:4      | Paralysed by Grinder for 6 turns
  2055 | D:4      | Killed Robin
  2076 | D:4      | Killed Grinder
  2076 | D:4      | Reached skill level 4 in Polearms
  2076 | D:4      | Reached XP level 7. HP: 26/37 MP: 6/8
  2204 | D:3      | Found a glowing silver altar of Zin.
  2204 | D:3      | Noticed an angel
  2248 | D:3      | Found a burning altar of Makhleb.
  2469 | D:3      | HP: 1/37 [acid (4)]
  2807 | D:4      | Reached skill level 5 in Polearms
  3290 | D:4      | Found Cowiggeo's Armour Shop.
  3359 | D:4      | Gained mutation: You have razor-sharp teeth. [Vine Stalker
                  | growth]
  3359 | D:4      | Reached XP level 8. HP: 37/42 MP: 7/9
  3498 | D:5      | Entered Level 5 of the Dungeon
  3542 | D:5      | Found a staircase to the Ecumenical Temple.
  3547 | D:5      | Noticed Edmund
  3553 | Temple   | Entered the Ecumenical Temple
  3565 | Temple   | Killed Edmund
  3565 | Temple   | Reached skill level 6 in Polearms
  3565 | Temple   | Reached skill level 1 in Dodging
  3655 | D:5      | Noticed Sigmund
  3667 | D:5      | Killed Sigmund
  3668 | D:5      | Noticed Dowan
  3668 | D:5      | Noticed Duvessa
  3683 | D:5      | Killed Dowan
  3709 | D:5      | Killed Duvessa
  3709 | D:5      | Reached skill level 5 in Armour
  3724 | D:5      | Noticed Prince Ribbit
  3742 | D:5      | Killed Prince Ribbit
  3775 | D:5      | Found an ornate altar of the Wu Jian Council.
  3830 | D:5      | Reached skill level 7 in Polearms
  3849 | D:5      | Found Gato's Goods Gallery.
  4011 | D:5      | Reached XP level 9. HP: 26/46 MP: 6/10
  4018 | D:5      | Found a bloodstained altar of Trog.
  4639 | D:6      | Noticed Blork the orc
  4652 | D:6      | Killed Blork the orc
  4676 | D:6      | Noticed Eustachio
  4691 | D:6      | Killed Eustachio
  4760 | D:6      | Found a runed translucent door.
  4772 | D:6      | Reached skill level 8 in Polearms
  4822 | D:6      | Got a transparent ring mail
  4823 | D:6      | Identified the +4 ring mail of Starshine {rN+ Str+5 Int-3}
                  | (You found it on level 6 of the Dungeon)
  4924 | D:6      | Found a basalt altar of Yredelemnul.
  4961 | D:6      | You fall through a shaft!
  5008 | D:6      | Found a large runed translucent door.
  5009 | D:6      | Found a large runed translucent door.
  5009 | D:6      | Noticed TheNamelessOne's ghost (novice OpHu)
  5172 | D:6      | Found a hazy altar of Hepliaklqana.
  5200 | D:6      | Found a shattered altar of Ashenzari.
  5209 | D:6      | Noticed a two-headed ogre
  5219 | D:6      | Killed a two-headed ogre
  5219 | D:6      | Reached skill level 5 in Fighting
  5219 | D:6      | Reached skill level 9 in Polearms
  5219 | D:6      | Reached skill level 5 in Shields
  5219 | D:6      | Reached XP level 10. HP: 39/51 MP: 11/11
  5279 | D:6      | Noticed Menkaure
  5286 | D:6      | Killed Menkaure
  5755 | D:6      | Reached skill level 1 in Stealth
  6033 | D:7      | Found a shimmering altar of Xom.
  6035 | D:7      | Found a shimmering altar of Xom.
  6036 | D:7      | Found a shimmering altar of Xom.
  6036 | D:7      | Found a shimmering altar of Xom.
  6036 | D:7      | Found a shimmering altar of Xom.
  6037 | D:7      | Found a shimmering altar of Xom.
  6142 | D:7      | Found a white marble altar of Elyvilon.
  6145 | D:7      | Found a shimmering altar of Xom.
  6199 | D:7      | Found an iron altar of Okawaru.
  6417 | D:8      | Noticed a two-headed ogre
  6425 | D:8      | Killed a two-headed ogre
  6425 | D:8      | Reached skill level 10 in Polearms
  6470 | D:8      | Found a runed translucent gate.
  6470 | D:8      | Found a runed translucent gate.
  6470 | D:8      | Found a runed translucent gate.
  6471 | D:8      | Noticed a kobold demonologist
  6471 | D:8      | Noticed guttsta's ghost (novice HuNe)
  6497 | D:8      | Noticed Grum
  6511 | D:8      | Killed Grum
  6616 | D:8      | Noticed Psyche
  6626 | D:8      | Killed Psyche
  6867 | D:8      | Noticed Erica
  6877 | D:8      | Killed Erica
  6877 | D:8      | Reached XP level 11. HP: 46/56 MP: 12/12
  6920 | D:8      | Found a sparkling altar of Nemelex Xobeh.
  7000 | D:8      | Found a flagged portal.
  7016 | Bailey   | Entered a bailey
  7042 | Bailey   | Noticed an orc warlord
  7117 | Bailey   | Noticed an orc knight
  7132 | Bailey   | Killed an orc knight
  7153 | Bailey   | Found a runed translucent gate.
  7154 | Bailey   | Found a runed translucent gate.
  7155 | Bailey   | Found a runed translucent gate.
  7231 | Bailey   | Killed an orc warlord
  7272 | Bailey   | Identified a scroll of acquirement
  7275 | Bailey   | Got a fine bardiche
  7281 | Bailey   | Identified the +8 bardiche of Parts Unknown {freeze, Int+2}
                  | (You acquired it in a bailey)
  7283 | Bailey   | Reached skill level 11 in Polearms
  7283 | Bailey   | Gained mutation: You heal very quickly. [Vine Stalker
                  | growth]
  7283 | Bailey   | Reached XP level 12. HP: 63/63 MP: 12/15
  7627 | D:9      | Found a snail-covered altar of Cheibriados.
  7627 | D:9      | Found an ancient bone altar of Kikubaaqudgha.
  7632 | D:9      | Found a faded altar of an unknown god.
  7634 | D:9      | Found a shadowy altar of Dithmenos.
  7636 | D:9      | Found a blossoming altar of Fedhas.
  7857 | D:9      | Found a glowing golden altar of the Shining One.
  7864 | D:9      | Became a worshipper of the Shining One
  7887 | D:9      | Found a staircase to the Lair.
  7935 | D:9      | Identified the ring of Ylutuej {*Tele rElec Dex+8 Stlth-}
  7935 | D:9      | Noticed a death knight
  7942 | D:9      | Killed a death knight
  7958 | D:9      | Identified the ring of Pride {-Tele rElec rPois rN+ Str+9}
  7958 | D:9      | Noticed a death knight
  8090 | Lair:1   | Entered Level 1 of the Lair of Beasts
  8601 | Lair:2   | Reached * piety under the Shining One
  8637 | Lair:2   | Reached skill level 12 in Polearms
  9038 | Lair:2   | Found the +7 Kryia's mail coat {PotionHeal*2 rC+}
  9268 | Lair:3   | Reached XP level 13. HP: 59/68 MP: 14/16
  9485 | Lair:3   | Reached skill level 13 in Polearms
 10047 | Lair:4   | Reached ** piety under the Shining One
 10049 | Lair:4   | Found a staircase to the Snake Pit.
 10114 | Lair:4   | Reached skill level 5 in Dodging
 10188 | Lair:4   | Found a staircase to the Swamp.
 10249 | Lair:4   | Noticed Snorg
 10259 | Lair:4   | Slain by Snorg

Skill      XL: |  1  2  3  4  5  6  7  8  9 10 11 12 13 |
---------------+----------------------------------------+-----
Polearms       | 2 3 4 5 7 9 10 11 12 13 | 13.4
Fighting       | 3 4 5 6 7 8 |  8.8
Shields        | 3 4 5 6 7 |  7.8
Armour         | 3 4 5 6 7 |  7.8
Dodging        | 1 2 4 5 |  5.0
Stealth        | 1 |  1.0
Evocations     | 3 |  3.4

Action                   |  1- 3 |  4- 6 |  7- 9 | 10-12 | 13-15 || total
-------------------------+-------+-------+-------+-------+-------++-------
Melee: Trident           |   148 |   221 |   395 |   285 |       ||  1049
       Bite              |    21 |    40 |   140 |   126 |    21 ||   348
       Bardiche          |       |       |       |   133 |    93 ||   226
Evoke: Wand              |       |       |       |     7 |       ||     7
       Phial of floods   |       |       |       |     1 |     1 ||     2
       Sack of spiders   |       |       |       |     1 |       ||     1
  Use: Potion            |       |     1 |     5 |     3 |       ||     9
       Scroll            |       |       |    11 |    12 |     1 ||    24
  Eat: Chunk             |     1 |     4 |    10 |    10 |     4 ||    29
       Ration            |       |       |       |     1 |       ||     1
Armor: Scale mail        |    53 |    15 |       |       |       ||    68
       Plate armour      |       |    70 |   139 |       |       ||   209
       Ring mail         |       |       |    11 |   137 |    24 ||   172
Dodge: Dodged            |    28 |    23 |    48 |   182 |    72 ||   353
Block: Shield            |    42 |    84 |   140 |   160 |       ||   426
